 Dungeon Crawl Stone Soup version 0.27.0-1-g7a089689b8 (webtiles) character file.

Game seed: 8368826184660629261

218058 freelancePsychic the Formicid Cataclysm (level 19, -3/165 HPs)
             Began as a Formicid Warper on Aug 3, 2021.
             Was a High Priest of Qazlal.
             Shot with a sling bullet by a satyr (21 damage)
             ... on level 4 of the Shoals.
             The game lasted 01:04:27 (37345 turns).

freelancePsychic the Formicid Cataclysm (FoWr)     Turns: 37345, Time: 01:04:28

Health: -3/165     AC: 45    Str: 23    XL:     19   Next: 84%
Magic:  26/33      EV:  8    Int: 14    God:    Qazlal [*****.]
Gold:   759        SH: 21    Dex: 16    Spells: 20/22 levels left

rFire    + . .     SeeInvis +   j - +6 lajatang (spect)
rCold    + . .     Faith    +   F - +2 kite shield {rF+}
rNeg     . . .     Spirit   .   W - +13 crystal plate armour
rPois    +         Reflect  .   (helmet unavailable)
rElec    +         Harm     .   H - +2 cloak "Paleno" {rC+}
rCorr    .         Rampage  .   v - +1 pair of gloves {Dex+3}
Will     +....                  L - +0 pair of boots
Stlth    ..........             Q - amulet of faith
HPRegen  0.37/turn              s - ring of Amaestri {Dex+3 Slay+4}
MPRegen  0.23/turn              Y - ring of poison resistance

@: protected from electricity, repel missiles
A: permanent stasis, dig shafts and tunnels, antennae 3, four strong arms
}: 1/15 runes: gossamer
a: Dig, Shaft Self, Renounce Religion, Upheaval, Elemental Force, Disaster Area


You were on level 4 of the Shoals.
You worshipped Qazlal.
Qazlal was extremely pleased with you.
You visited 6 branches of the dungeon, and saw 32 of its levels.
You also visited: Sewer, Ice Cave and Volcano.

You collected 4383 gold pieces.
You spent 3624 gold pieces at shops.

Inventory:

Hand Weapons
 j - a +6 spectral lajatang (weapon)
Missiles
 l - 70 poisoned darts (quivered)
 m - 11 curare-tipped darts
 y - 47 boomerangs
 D - 22 javelins
 E - 15 throwing nets
Armour
 v - a +1 pair of gloves of dexterity (worn)
 F - a +2 kite shield of fire resistance (worn)
 H - the +2 cloak "Paleno" (worn) {rC+}
   (You found it on level 1 of the Lair of Beasts)

   rC:        It protects you from cold.
 I - a +4 plate armour
 L - a +0 pair of boots (worn)
 W - a +13 crystal plate armour (worn)
Jewellery
 b - the amulet "Aggaiw" {Acrobat Dex+7}
   (You found it in a volcano)

   [amulet of the acrobat]

   It increases your evasion while moving and waiting.
   Dex:       It affects your dexterity (+7).
 s - the ring of Amaestri (left hand) {Dex+3 Slay+4}
   (You acquired it on level 5 of the Dungeon)

   [ring of slaying]

   Dex:       It affects your dexterity (+3).
   Slay:      It affects your accuracy & damage with ranged weapons and melee
   (+4).
 w - an amulet of guardian spirit
 G - the ring "Qim Soro" {rF- rN+ AC+4 Dex+3}
   (You found it on level 1 of the Lair of Beasts)

   [ring of protection]

   AC:        It affects your AC (+4).
   Dex:       It affects your dexterity (+3).
   rF:        It makes you vulnerable to fire.
   rN:        It protects you from negative energy.
 N - a ring of protection from cold
 P - a ring of protection from fire
 Q - an amulet of faith (around neck)
 R - a ring of positive energy
 S - a ring of flight
 V - a +4 ring of slaying
 Y - a ring of poison resistance (right hand)
Wands
 c - a wand of paralysis (9)
 e - a wand of charming (9)
 n - a wand of polymorph (30)
 r - a wand of digging (19)
 t - a wand of mindburst (70)
 x - a wand of flame (52)
 U - a wand of iceblast (6)
 Z - a wand of acid (22)
Scrolls
 d - 3 scrolls of magic mapping
 g - 4 scrolls of brand weapon
 z - 2 scrolls of amnesia
 A - 4 scrolls of holy word
 C - 7 scrolls of fog
 M - 3 scrolls of summoning
 X - 3 scrolls of fear
Potions
 a - 4 potions of ambrosia
 f - 2 potions of might
 h - 6 potions of magic
 i - a potion of invisibility
 k - 4 potions of heal wounds {@q2}
 o - 13 potions of curing {@q1}
 p - 5 potions of mutation
 q - 3 potions of resistance
 B - 2 potions of berserk rage
 J - 2 potions of attraction
 K - 2 potions of brilliance
 O - 4 potions of flight
 T - 8 potions of lignification
Miscellaneous
 u - a condenser vane (inert)


   Skills:
 + Level 18.7 Fighting
 - Level 4.1 Axes
 - Level 14.0 Staves
 - Level 1.0 Throwing
 - Level 15.8 Armour
 + Level 6.2 Dodging
 - Level 9.0 Shields
 - Level 2.1 Spellcasting
 - Level 2.6 Translocations
 + Level 20.0 Invocations


You had 20 spell levels left.
You knew the following spells:

 Your Spells              Type           Power      Damage    Failure   Level
a - Passwall              Tmut/Erth      0%         N/A       100%        2

Your spell library contained the following spells:

 Spells                   Type           Power      Damage    Failure   Level
 Beastly Appendage        Tmut           2%         N/A       100%        1
 Summon Small Mammal      Summ           4%         N/A       100%        1
 Corpse Rot               Necr/Air       N/A        N/A       100%        2
 Slow                     Hex            1%         N/A       100%        2
 Sublimation of Blood     Necr           0%         N/A       100%        2
 Wereblood                Tmut           1%         N/A       100%        2
 Call Canine Familiar     Summ           1%         N/A       100%        3
 Confusing Touch          Hex            1%         N/A       100%        3
 Dazzling Flash           Conj/Hex       2%         N/A       100%        3
 Frozen Ramparts          Ice            2%         1d2       100%        3
 Gell's Gravitas          Tloc           4%         N/A       100%        3
 Ignite Poison            Fire/Tmut/Pois 1%         N/A       100%        3
 Lesser Beckoning         Tloc           4%         N/A       100%        3
 Mephitic Cloud           Conj/Pois/Air  1%         N/A       100%        3
 Ozocubu's Armour         Ice            1%         N/A       100%        3
 Portal Projectile        Hex/Tloc       10%        N/A       100%        3
 Spider Form              Tmut/Pois      0%         N/A       100%        3
 Summon Guardian Golem    Hex/Summ       1%         N/A       100%        3
 Teleport Other           Tloc           9%         N/A       100%        3
 Vampiric Draining        Necr           0%         2d6       100%        3
 Ice Form                 Ice/Tmut       1%         N/A       100%        4
 Iskenderun's Mystic Bla  Conj/Tloc      5%         2d3       100%        4
 Leda's Liquefaction      Hex/Erth       0%         N/A       100%        4
 Petrify                  Tmut/Erth      1%         N/A       100%        4
 Summon Ice Beast         Ice/Summ       1%         N/A       100%        4
 Bolt of Magma            Conj/Fire/Erth 0%         4d4       100%        5
 Fireball                 Conj/Fire      0%         3d3       100%        5
 Irradiate                Conj/Tmut      0%         3d13      100%        5
 Manifold Assault         Tloc           9%         N/A       100%        5
 Metabolic Englaciation   Hex/Ice        0%         N/A       100%        5
 Invisibility             Hex            0%         N/A       100%        6
 Simulacrum               Ice/Necr       0%         N/A       100%        6
 Starburst                Conj/Fire      0%         8x6d3     100%        6
 Ignition                 Fire           0%         3d3       100%        8
 Blink                    Tloc           Unusable   N/A       N/A         2
 Swiftness                Air            Unusable   N/A       N/A         3

Dungeon Overview and Level Annotations

Branches:
Dungeon (15/15)            Temple (1/1) D:6            Lair (6/6) D:8
 Shoals (4/4) Lair:3       Spider (4/4) Lair:3        Slime (0/5) Lair:5
    Orc (2/2) D:10            Elf (0/3) Orc:2        Vaults (0/5) D:13
 Depths (0/5) D:15          Sewer (visited)           IceCv (visited)
Volcano (visited)

Altars:
Ashenzari
Cheibriados
Dithmenos
Elyvilon
Fedhas
Gozag
Hepliaklqana
Kikubaaqudgha
Makhleb
Nemelex Xobeh
Okawaru
Qazlal
Ru
Sif Muna
Trog
Uskayaw
Vehumet
Wu Jian
Xom
Yredelemnul
Zin
The Shining One

Shops:
D:5 *   D:14 [   Orc:1 (   Orc:2 :[[?   Shoals:3 ![(

Portals:
Trove: D:15 (give 5 scrolls of fear)

Annotations:
D:2 Sigmund
D:10 exclusion: oklob plant
Lair:1 exclusion: oklob plant
Lair:2 exclusion: ice statue
Lair:6 exclusions: obsidian statue and oklob plant
Shoals:4 Louise
Spider:1 1 runed translucent door, Cumifues's ghost, journeyman MiMo


Innate Abilities, Weirdness & Mutations

You cannot be hasted, slowed, berserked, paralysed or teleported.
You can dig through walls and to a lower floor.
You have a pair of large antennae on your head. (SInv)
Your four strong arms can wield two-handed weapons with a shield.


Message History

Aiming: Upheaval
Press: ? - help, Dir - move target, f - satyr
Aim: a satyr, wielding a +0 club and quivering sling bullets (strong)
The ground shakes violently, spewing rubble!
The blast of rubble hits the merfolk javelineer!!!
The merfolk javelineer is severely wounded.
The blast of rubble hits the satyr!!!
The satyr is almost dead.
The blast of rubble hits the satyr!!!
The satyr is severely wounded.
The faun seems less confused.
The merfolk javelineer throws a javelin.
The javelin pierces through you!
* * * LOW HITPOINT WARNING * * *
The faun unwields a +0 spear.
The faun wields a +0 hunting sling.
The faun shoots a stone.
You block the stone.
Louise is engulfed in noxious fumes.
Louise says, "I'm a little confused."
The satyr plays a lulling melody on his pipes!
You fall asleep.
Louise is no longer encased in ice.
The merfolk javelineer throws a javelin.
The javelin pierces through you but does no damage.
The faun is engulfed in noxious fumes.
The faun shoots a stone.
The stone hits you but does no damage.
The satyr unwields a +0 club.
The satyr wields a +0 fustibalus.
The satyr shoots a sling bullet.
The sling bullet hits you!!
You wake up.
* * * LOW HITPOINT WARNING * * *
The satyr shoots an arrow.
You block the arrow.
As you read the scroll of fog, it crumbles to dust.
The scroll dissolves into smoke.
The faun is engulfed in noxious fumes.
The merfolk javelineer throws a javelin.
The javelin pierces through you!
* * * LOW HITPOINT WARNING * * *
The faun shoots a stone.
The stone closely misses you.
The faun is engulfed in noxious fumes.
The faun appears confused.
The satyr plays a frightful melody on his pipes!
The satyr radiates an aura of fear!
You easily resist.
The satyr shoots a sling bullet.
The sling bullet hits you!!
You die...

#........PP.PP≈
☼§§....§c@...≈≈≈
§§§$.m.§§§...≈≈≈
....cc§☼^..c..c≈
.....§§..^....≈≈
≈≈≈≈.§§§...§§§§≈
≈≈≈≈≈c§.§..○§§§≈
≈≈≈≈≈§§§☼.§§§§§≈
≈≈≈≈≈○§@§§##..≈≈
≈≈≈≈≈§§§☼## #.≈ .
≈≈≈≈≈≈§☼## ... .$.
≈≈≈≈≈≈§§## ..###. ...
≈≈≈≈≈≈≈..#####...##.....
≈≈≈≈≈≈...........##... .
≈≈≈≈≈≈.........≈......##
≈≈≈≈≈≈≈≈≈≈..≈≈≈≈≈....).#
≈≈..≈≈≈≈≈))≈≈≈≈≈≈.......


You could see Louise (confused), a merfolk javelineer, 3 satyrs and 3 fauns.

Vanquished Creatures
  A kraken (Shoals:3)
  Gastronok (Lair:3)
  Kirke (Shoals:4)
  Aizul (Spider:3)
  8 ghost moths
  A very ugly thing (D:14)
  2 emperor scorpions (Spider:4)
  A stone giant (D:15)
  An entropy weaver (Spider:2)
  A red draconian (Volcano)
  3 spark wasps (Spider:4)
  4 dire elephants (Lair:6)
  A merfolk javelineer (Shoals:3)
  7 merfolk impalers
  A great orb of eyes (D:14)
  9 hydras
  2 ice dragons
  8 boulder beetles
  8 vault guards (D:13)
  A death knight (D:14)
  5 ogre magi
  3 alligator snapping turtles
  6 centaur warriors (D:14)
  3 merfolk aquamancers (Shoals:1)
  2 satyrs
  2 merfolk avatars
  A death yak (Lair:6)
  4 tengu warriors
  13 two-headed ogres
  A spectral dire elephant (Lair:6)
  Urug (Lair:3)
  2 slime creatures (D:13)
  Nergalle (D:12)
  2 spectral death yaks (Lair:6)
  A fire crab (D:14)
  A salamander mystic (Volcano)
  19 sea snakes
  7 skeletal warriors
  A spectral anaconda (Lair:6)
  4 orc knights
  A lindwurm (shapeshifter) (D:14)
  A phantasmal warrior (D:14)
  13 harpies
  4 salamanders (Volcano)
  30 wolf spiders
  7 deep elf pyromancers
  An orb spider (shapeshifter) (D:15)
  2 wizards (D:14)
  3 necromancers (Lair:6)
  16 orb spiders
  6 cyclopes
  3 moths of wrath (Spider:2)
  13 manticores
  3 ugly things
  An orc sorcerer (D:11)
  19 elephants
  11 fauns
  7 merfolk sirens
  3 black mambas
  Maurice (Orc:1)
  2 ice statues (IceCv)
  A dire elephant zombie (Lair:6)
  5 water nymphs
  An unseen horror (D:8)
  A torpor snail (Spider:1)
  2 molten gargoyles (Volcano)
  5 gargoyles
  11 rime drakes
  9 cane toads
  A kobold demonologist (D:13)
  A komodo dragon (shapeshifter) (D:14)
  10 demonic crawlers
  5 yaktaurs (D:15)
  7 komodo dragons
  A troll (D:13)
  33 merfolk
  4 polar bears (Lair:2)
  24 jumping spiders
  A tyrant leech (Lair:5)
  A queen bee (Spider:4)
  3 meliai (Spider:4)
  9 hornets
  21 blink frogs
  3 wind drakes (Shoals:2)
  3 dream sheep (Shoals:3)
  A spectral elephant (Lair:6)
  A raiju (shapeshifter) (D:14)
  8 snapping turtles
  53 redbacks
  A shadow (D:11)
  A vampire (D:8)
  8 wraiths
  12 yaks
  2 humans (Shoals:4)
  5 water elementals
  34 tarantellas
  Eustachio (D:6)
  6 basilisks
  A hog (Shoals:4)
  5 fire bats
  2 steam dragons
  8 vampire mosquitoes
  A redback simulacrum (D:14)
  A death yak simulacrum (Lair:6)
  2 swamp worms (Lair:5)
  2 wargs (Orc:1)
  2 spectral cane toads (Lair:6)
  9 water moccasins
  Purgy (Sewer)
  13 orc warriors
  A black bear (Lair:2)
  5 ice beasts
  A necrophage (D:6)
  16 wolves
  24 ogres
  An elephant zombie (Lair:6)
  5 centaurs
  An elephant skeleton (Lair:6)
  A kobold brigand (D:10)
  7 bullfrogs
  A scorpion (D:5)
  A cane toad simulacrum (Lair:6)
  An elephant simulacrum (Lair:6)
  10 killer bees (Spider:4)
  3 lindwurm simulacra (IceCv)
  10 wights
  11 electric eels
  6 howler monkeys
  5 lava snakes (Volcano)
  A bullfrog zombie (D:5)
  5 centaur zombies
  A jelly (D:4)
  6 hounds
  20 orc priests
  A centaur skeleton (D:6)
  3 komodo dragon simulacra (IceCv)
  A bullfrog skeleton (D:7)
  2 hell rats (Lair:3)
  16 orc wizards
  A scorpion zombie (D:5)
  Natasha (thrice) (D:3)
  3 iguanas
  A howler monkey zombie (D:9)
  18 gnolls
  10 river rats (Lair:3)
  9 acid dragon simulacra (IceCv)
  5 adders
  2 howler monkey skeletons
  A shadow imp (D:6)
  3 white imps
  6 steam dragon simulacra (IceCv)
  An adder skeleton (D:4)
  A dart slug (D:3)
  3 worms
  65 orcs
  8 ball pythons
  4 endoplasms (D:1)
  8 giant cockroaches
  26 goblins
  29 hobgoblins
  10 jackals
  12 kobolds
  4 quokkas
  3 bats
  7 frilled lizards
  5 rats
  4 tentacles (Shoals:3)
1048 creatures vanquished.

Vanquished Creatures (others)
  A human (Shoals:4)
  A killer bee (Spider:4)
  An orc wizard (D:15)
  An adder (D:6)
  29 fungi
  126 plants
  7 tentacles (Shoals:3)
  22 withered plants
188 creatures vanquished.

Grand Total: 1236 creatures vanquished

Notes
Turn   | Place    | Note
-------+----------+-------------------------------------------
     0 | D:1      | freelancePsychic the Formicid Warper began the quest for
                  | the Orb.
     0 | D:1      | Reached XP level 1. HP: 16/16 MP: 3/3
   348 | D:1      | Reached XP level 2. HP: 21/23 MP: 5/5
   615 | D:1      | Found a faded altar of an unknown god.
   685 | D:1      | Reached XP level 3. HP: 25/28 MP: 6/6
  1808 | D:2      | Noticed Sigmund
  1842 | D:3      | Identified a scroll of acquirement
  1842 | D:3      | Acquired a +4 spectral lajatang
  1904 | D:3      | Found a glowing drain.
  1912 | Sewer    | Entered a sewer
  1931 | Sewer    | Reached skill level 1 in Staves
  1931 | Sewer    | Reached XP level 4. HP: 32/35 MP: 7/7
  2017 | Sewer    | Noticed Purgy
  2023 | Sewer    | Killed Purgy
  2024 | Sewer    | Reached XP level 5. HP: 39/42 MP: 8/8
  2449 | D:3      | Noticed Natasha
  2459 | D:3      | Killed Natasha
  2460 | D:3      | Reached XP level 6. HP: 44/48 MP: 9/9
  2644 | D:3      | Noticed Natasha
  2654 | D:3      | Killed Natasha
  2957 | D:3      | Noticed Natasha
  2964 | D:3      | Killed Natasha
  3472 | D:4      | Reached XP level 7. HP: 55/55 MP: 10/10
  3749 | D:4      | Reached skill level 5 in Staves
  3804 | D:4      | Reached skill level 5 in Fighting
  3986 | D:5      | Entered Level 5 of the Dungeon
  4350 | D:5      | Found Hetoe's Overcharged Wands.
  4395 | D:5      | Acquired the ring of Amaestri {Dex+3 Slay+4}
  4517 | D:5      | Reached XP level 8. HP: 63/63 MP: 11/11
  4719 | D:6      | Noticed Eustachio
  4740 | D:6      | Killed Eustachio
  4878 | D:6      | Found a staircase to the Ecumenical Temple.
  4887 | Temple   | Entered the Ecumenical Temple
  4973 | Temple   | Became a worshipper of Qazlal Stormbringer
  5140 | D:6      | Reached skill level 1 in Invocations
  5282 | D:6      | Reached skill level 2 in Invocations
  5434 | D:6      | Reached XP level 9. HP: 69/69 MP: 12/12
  5635 | D:6      | Found an ancient bone altar of Kikubaaqudgha.
  5797 | D:7      | Reached skill level 3 in Invocations
  6131 | D:7      | Noticed a hornet
  6136 | D:7      | Killed a hornet
  6332 | D:7      | Reached skill level 4 in Invocations
  6771 | D:7      | Reached XP level 10. HP: 77/77 MP: 13/13
  6805 | D:7      | Reached * piety under Qazlal
  7010 | D:8      | Found a staircase to the Lair.
  7366 | D:6      | Reached skill level 5 in Invocations
  7595 | D:6      | Reached ** piety under Qazlal
  8423 | D:8      | Reached skill level 6 in Invocations
  8470 | D:8      | Noticed an unseen horror
  8478 | D:8      | Killed an unseen horror
  8651 | D:8      | Reached *** piety under Qazlal
  8686 | D:8      | Noticed a two-headed ogre
  8805 | D:8      | Killed a two-headed ogre
  8806 | D:8      | Reached skill level 7 in Invocations
  9502 | D:9      | Reached skill level 8 in Invocations
  9506 | D:9      | Reached XP level 11. HP: 86/86 MP: 15/17
  9726 | D:9      | Found a sparkling altar of Nemelex Xobeh.
  9730 | D:9      | Found a basalt altar of Yredelemnul.
  9730 | D:9      | Found a shimmering blue altar of Sif Muna.
  9730 | D:9      | Found a glowing golden altar of the Shining One.
  9731 | D:9      | Found a white marble altar of Elyvilon.
  9733 | D:9      | Found a snail-covered altar of Cheibriados.
  9987 | D:9      | Reached skill level 9 in Invocations
 10575 | D:10     | Entered Level 10 of the Dungeon
 10599 | D:10     | Reached **** piety under Qazlal
 10673 | D:10     | Reached skill level 10 in Invocations
 10859 | D:10     | Noticed a deep elf pyromancer
 10870 | D:10     | Killed a deep elf pyromancer
 11112 | D:10     | Reached skill level 11 in Invocations
 11286 | D:10     | Found a staircase to the Orcish Mines.
 11400 | D:10     | Found a blossoming altar of Fedhas.
 11412 | D:10     | Noticed an oklob plant
 11698 | D:11     | Noticed an orc knight
 11722 | D:11     | Killed an orc knight
 11821 | Orc:1    | Entered Level 1 of the Orcish Mines
 11823 | Orc:1    | Noticed an orc knight
 12194 | D:10     | Killed an orc knight
 12330 | Orc:1    | Reached skill level 12 in Invocations
 12461 | Orc:1    | Found Gyfoasse's Antique Weapon Shop.
 12708 | Orc:1    | Noticed Maurice
 12710 | Orc:1    | Noticed an orc knight
 12711 | Orc:1    | Killed Maurice
 12712 | Orc:1    | Reached XP level 12. HP: 92/94 MP: 8/21
 12904 | Orc:2    | Entered Level 2 of the Orcish Mines
 12906 | Orc:2    | Noticed an ogre mage
 12908 | Orc:2    | Noticed an ogre mage
 12909 | Orc:2    | Noticed a two-headed ogre
 12910 | Orc:2    | Reached skill level 13 in Invocations
 12910 | Orc:2    | Killed a two-headed ogre
 12912 | Orc:2    | Noticed a two-headed ogre
 12914 | Orc:2    | Killed an ogre mage
 12916 | Orc:2    | Noticed a two-headed ogre
 12916 | Orc:2    | Noticed a two-headed ogre
 12917 | Orc:2    | Noticed a two-headed ogre
 12918 | Orc:2    | Killed an ogre mage
 12919 | Orc:2    | Noticed a two-headed ogre
 13015 | Lair:1   | Entered Level 1 of the Lair of Beasts
 13101 | Lair:1   | Identified the ring "Qim Soro" {rF- rN+ AC+4 Dex+3}
 13190 | Lair:1   | Identified the +2 cloak "Paleno" {rC+}
 14569 | Lair:2   | Noticed Sonja
 14570 | Lair:2   | Noticed an ice dragon
 14572 | Lair:2   | Noticed Sonja
 14572 | Lair:2   | Sonja changed into Sonja the rime drake
 14576 | Lair:2   | Killed Sonja the rime drake
 14583 | Lair:2   | Killed an ice dragon
 14584 | Lair:2   | Reached skill level 5 in Armour
 14721 | Lair:2   | Reached XP level 13. HP: 96/103 MP: 23/23
 14760 | Lair:2   | Reached skill level 10 in Fighting
 14820 | Lair:2   | Noticed a four-headed hydra
 14828 | Lair:2   | Killed a four-headed hydra
 15621 | Lair:3   | Noticed a seven-headed hydra
 15633 | Lair:3   | Killed an eight-headed hydra
 15930 | Lair:3   | Found a hole to the Spider Nest.
 15957 | Lair:3   | Noticed Gastronok
 15966 | Lair:3   | Killed Gastronok
 16177 | Lair:3   | Found a staircase to the Shoals.
 16674 | Lair:3   | Noticed Urug
 16683 | Lair:3   | Killed Urug
 16805 | Lair:4   | Noticed a six-headed hydra
 16810 | Lair:4   | Killed a six-headed hydra
 17204 | Lair:4   | Reached XP level 14. HP: 115/115 MP: 24/24
 17503 | Lair:5   | Found a dark tunnel.
 17573 | Volcano  | Entered a volcano
 17756 | Volcano  | Reached skill level 10 in Armour
 17890 | Volcano  | Found a burning altar of Makhleb.
 18340 | Volcano  | Identified the amulet "Aggaiw" {Acrobat Dex+7}
 18470 | Volcano  | Noticed a red draconian
 18474 | Volcano  | Killed a red draconian
 18714 | Lair:5   | Reached skill level 1 in Shields
 19279 | Lair:5   | Found a staircase to the Slime Pits.
 19683 | Lair:6   | Entered Level 6 of the Lair of Beasts
 19728 | Lair:6   | Reached skill level 5 in Shields
 19854 | Lair:6   | Got A Primer on Thaumaturgy
 20087 | Lair:6   | Noticed a dire elephant
 20087 | Lair:6   | Noticed a dire elephant
 20087 | Lair:6   | Noticed a dire elephant
 20087 | Lair:6   | Noticed a dire elephant
 20243 | Lair:6   | Killed a dire elephant
 20287 | Lair:6   | Killed a dire elephant
 20288 | Lair:6   | Reached XP level 15. HP: 55/123 MP: 21/25
 20294 | Lair:6   | Reached skill level 14 in Invocations
 21906 | Orc:2    | Found a staircase to the Elven Halls.
 21918 | Orc:2    | Found Xonginnemo's Armour Emporium.
 21918 | Orc:2    | Found Recko's Book Boutique.
 21918 | Orc:2    | Found Laruos's Magic Scroll Shop.
 21918 | Orc:2    | Found Yleabb's Antique Armour Emporium.
 22500 | Orc:2    | Bought a pitted plate armour for 896 gold pieces
 22500 | Orc:2    | Identified the +1 plate armour of Fucagewk {+Blink Will-
                  | Int+8 Dex-3} (You bought it in a shop on level 2 of the
                  | Orcish Mines)
 22650 | D:11     | Learned a level 2 spell: Passwall
 22745 | D:11     | Reached skill level 15 in Invocations
 22854 | D:11     | Reached ***** piety under Qazlal
 22924 | Orc:2    | Bought a +0 pair of boots for 49 gold pieces
 23417 | D:12     | Found a frozen archway.
 23442 | IceCv    | Entered an ice cave
 24253 | D:12     | Noticed Nergalle
 24268 | D:12     | Killed Nergalle
 24307 | D:12     | You fall into a shaft and drop 1 floor!
 24494 | D:13     | Reached XP level 16. HP: 99/134 MP: 27/27
 25206 | D:13     | Found a gate to the Vaults.
 26077 | D:12     | Found a radiant altar of Vehumet.
 26119 | D:12     | Reached skill level 16 in Invocations
 26347 | D:14     | Reached skill level 15 in Fighting
 27084 | D:14     | Acquired 789 gold pieces
 27123 | D:14     | Found Muotos Uggu's Antique Armour Shop.
 27132 | D:14     | Bought a runed crystal plate armour for 2490 gold pieces
 27191 | D:14     | Found an iron altar of Okawaru.
 27632 | D:14     | Found the +10 Black Knight's barding {ponderous, rPois rN+}
 27638 | D:14     | Identified the +0 scale mail of Agoraphobia {Dex+3 Slay+3}
 27720 | D:15     | Entered Level 15 of the Dungeon
 27747 | D:15     | Reached XP level 17. HP: 84/143 MP: 29/29
 27992 | D:15     | Reached skill level 17 in Invocations
 28258 | D:15     | Found a staircase to the Depths.
 28728 | D:15     | Found a portal to a secret trove of treasure.
 28874 | Orc:2    | Bought a scroll of fear for 49 gold pieces
 28874 | Orc:2    | Bought a scroll of identify for 28 gold pieces
 28874 | Orc:2    | Bought a scroll of identify for 28 gold pieces
 28874 | Orc:2    | Bought a scroll of identify for 28 gold pieces
 28874 | Orc:2    | Bought a scroll of identify for 28 gold pieces
 28874 | Orc:2    | Bought a scroll of identify for 28 gold pieces
 29034 | Spider:1 | Entered Level 1 of the Spider Nest
 29433 | Spider:1 | Found a runed translucent door.
 29434 | Spider:1 | Noticed Cumifues's ghost (journeyman MiMo)
 30072 | Spider:2 | Reached ****** piety under Qazlal
 30351 | Spider:2 | Identified the +6 great mace of Lawyneidel {vorpal, rF+
                  | Will+ Str+4}
 30853 | Spider:3 | Noticed Aizul
 30863 | Spider:3 | Killed Aizul
 31158 | Spider:3 | Reached skill level 18 in Invocations
 31600 | Spider:4 | Entered Level 4 of the Spider Nest
 31606 | Spider:4 | Reached XP level 18. HP: 146/153 MP: 31/31
 32093 | Spider:3 | Reached skill level 15 in Armour
 33312 | Spider:4 | Got a gossamer rune of Zot
 33665 | Shoals:1 | Entered Level 1 of the Shoals
 34170 | Shoals:1 | Reached skill level 19 in Invocations
 34552 | Shoals:1 | Reached XP level 19. HP: 163/163 MP: 32/32
 36303 | Shoals:3 | Reached skill level 5 in Dodging
 36679 | Shoals:3 | Found Tifuoz Jous's Antique Armour Shoppe.
 36689 | Shoals:3 | Found Defrug's Weapon Shop.
 36739 | Shoals:3 | Found Muharaj's Distillery.
 36831 | Shoals:4 | Entered Level 4 of the Shoals
 37212 | Shoals:4 | Noticed Kirke
 37217 | Shoals:4 | Killed Kirke
 37325 | Shoals:4 | Noticed Louise
 37330 | Shoals:4 | Reached skill level 20 in Invocations
 37345 | Shoals:4 | Shot with a sling bullet by a satyr

Illustrated notes

Levels and vault maps discovered:
D:1:      dpeg_arrival_long_road, layout_basic,
          dreamdust_ecumenical_altar_angels_and_demons, minivault_24,
          hangedman_feature_mirror, hangedman_decor_diamond_cutter,
          minmay_pentomino_q2
D:2:      layout_loops_ring, uniq_sigmund
D:3:      layout_loops_cross, gup_sewer_entry_bubbles, uniq_natasha
D:4:      layout_basic, minmay_surrounded
D:5:      layout_gridville, chequers_jeans, nicolae_shop_overcharged_wands
D:6:      minmay_goblin_kobold_castle, layout_cave_pods,
          mainiacjoe_overflow_paths, minmay_temple_entry_antechambers,
          uniq_eustachio
D:7:      layout_cave_pods
D:8:      layout_basic, lair_entry_dummy
D:9:      layout_basic, minitemple
D:10:     layout_rooms, tgw_fedhas, orc_0_dummy
D:11:     layout_loops_ring
D:12:     layout_basic, portal_ice_cave_rime, nicolae_vehumet_altar_sigil,
          uniq_nergalle
D:13:     layout_basic, erik_vaults_2, chequers_serial_rivers_micro_b,
          grunt_ministairs_4, hex_medium, st_stairs_4
D:14:     minmay_the_grid_net [minmay_the_grid_small_cups,
          minmay_the_grid_slots, minmay_the_grid_doors, minmay_the_grid_mess,
          minmay_the_grid_outer_circle, minmay_the_grid_prize_trominoes],
          layout_cave_pods, serial_shops, nicolae_shop_statue_plus,
          okawaru_ov_weapons_minmay
D:15:     grunt_enter_depths_snipers, layout_rooms, enter_trove_6,
          serial_park_tiny_1
Temple:   eino_temple_water
Lair:1:   layout_cave_pods, minmay_lair_oklob_chamber
Lair:2:   layout_regular_city, st_stairs_10, ice2_lemuel, uniq_sonja
Lair:3:   layout_long_grid, shoals_dummy_entry, spider_nest_entry_webs,
          chequers_serial_rivers_micro_b, kennysheep_rathole, lemuel_fruit_tree,
          grunt_megastairs_5, uniq_urug, uniq_gastronok
Lair:4:   layout_cave_shapes
Lair:5:   layout_loops_ring, dpeg_slime_entry_corner,
          nicolae_volcano_entry_batcave, worms_lemuel
Lair:6:   due_jungle_book, layout_cave_pods, minmay_lair_oklob_bushes,
          infiniplex_staircase_pool_2
Shoals:1: cheibrodos_shoals_three_sisters, layout_shoals
Shoals:2: layout_shoals
Shoals:3: layout_shoals, serial_shops, nicolae_shop_trees,
          nicolae_take_the_stairs, shop
Shoals:4: shoals_end_grunt_garden, layout_shoals, uniq_louise, uniq_kirke
Spider:1: layout_spider_delve, gammafunk_ghost_grave
Spider:2: layout_spider_delve, drop_trap, nicolae_spider_bug_shape
Spider:3: layout_spider_delve, uniq_aizul
Spider:4: grunt_spider_rune_parallel, nicolae_looking_at_the_future
Orc:1:    layout_diamond_mine, serial_shops, nicolae_shop_crystal, uniq_maurice
Orc:2:    st_orc_ogre_mass, layout_caves

Skill      XL: |  1  2  3  4  5  6  7  8  9 10 11 12 13 14 15 16 17 18 19 |
---------------+----------------------------------------------------------+-----
Axes           | 3 4 |  4.1
Fighting       | 3 4 5 6 7 8 9 12 13 14 15 16 17 18 | 18.7
Staves         | 1 2 3 4 5 13 14 | 14.0
Invocations    | 2 4 8 12 13 15 16 18 19 20 | 20.0
Armour         | 5 9 10 11 13 14 15 | 15.8
Shields        | 8 9 |  9.0
Dodging        | 2 6 |  6.2
Throwing       | |  1.0
Spellcasting   | |  2.1
Translocations | |  2.6

Action                   |  1- 3 |  4- 6 |  7- 9 | 10-12 | 13-15 | 16-18 | 19-21 || total
-------------------------+-------+-------+-------+-------+-------+-------+-------++-------
Melee: Hand axe          |   122 |       |       |       |       |       |       ||   122
       Lajatang          |    25 |    64 |    83 |   322 |   541 |   743 |   285 ||  2063
Throw: Dart              |       |       |       |     2 |       |       |       ||     2
Invok: Upheaval          |       |       |       |     9 |    16 |    17 |    11 ||    53
       Disaster Area     |       |       |       |       |       |     1 |     1 ||     2
 Abil: Dig               |       |       |     1 |       |     5 |       |       ||     6
Evoke: Wand              |       |       |     4 |    13 |     9 |     3 |       ||    29
       Condenser vane    |       |       |       |       |       |     1 |     1 ||     2
  Use: Scroll            |     3 |     3 |     5 |     5 |     8 |    19 |     3 ||    46
       Potion            |       |       |     1 |     1 |     3 |     1 |     1 ||     7
 Stab: Distracted        |       |       |       |       |    14 |     9 |     3 ||    26
       Invisible         |       |       |       |       |     4 |       |       ||     4
       Held in net/web   |       |       |       |       |       |     1 |       ||     1
       Confused          |       |       |       |       |       |       |     1 ||     1
Armor: Leather armour    |     7 |       |       |       |       |       |       ||     7
       Chain mail        |    58 |    39 |    28 |   104 |       |       |       ||   229
       Plate armour      |       |       |       |    21 |   202 |    51 |       ||   274
       Crystal plate arm |       |       |       |       |       |   392 |   153 ||   545
Dodge: Dodged            |    59 |    21 |    31 |    77 |   131 |    95 |    57 ||   471
       Repelled          |       |       |       |     1 |     4 |     2 |     5 ||    12
Block: Other             |       |       |       |    37 |    28 |       |       ||    65
       Kite shield       |       |       |       |       |   272 |   723 |   345 ||  1340
